 Dungeon Crawl Stone Soup version 0.20-b1-24-gb21faa7 (webtiles) character file.

434162 Gorglomux the Warrior (level 23, -22/172 HPs)
             Began as a Gargoyle Fighter on May 25, 2017.
             Was the Champion of the Shining One.
             Killed by the air
             ... invoked by a spriggan air mage
              (25 damage)
             ... on level 3 of the Depths.
             The game lasted 01:54:41 (44988 turns).

Gorglomux the Warrior (Gargoyle Fighter)           Turns: 44988, Time: 01:54:42

Health: -22/172    AC: 21    Str: 21      XL:     23   Next: 97%
Magic:  35/39      EV: 14    Int: 12 (15) God:    the Shining One [******]
Gold:   3890       SH: 28    Dex: 18      Spells: 21/22 levels left

rFire    . . .     SeeInvis .   a - +7 sacred scourge (holy) {god gift}
rCold    + . .     Gourm    .   U - +0 large shield
rNeg     + + +     Faith    .   Y - +3 plate armour {rC+}
rPois    ∞         Spirit   .   (helmet restricted)
rElec    +         Reflect  +   l - +2 cloak
rCorr    .         Harm     .   G - +2 pair of gloves
MR       ++...     Rnd*Rage +   B - +2 pair of boots {Fly}
Stlth    ..........             T - +6 amulet of reflection
Regen    0.4/turn               x - ring of protection from magic {MR+, !d}
MPRegen  0.3/turn               j - ring of Neurosis {AC+3 Int+4 Dex+2 Slay+6}

@: corroded, flying, very slightly contaminated, glowing
A: big wings, hooves 1, horns 1, rugged brown scales 1, berserk 1, high mp 1,
negative energy resistance 1, robust 1, screaming 1, electricity resistance,
unbreathing, petrification resistance, rot immunity, AC +17
}: 2/15 runes: decaying, gossamer
a: Stop Flying, Divine Shield, Cleansing Flame, Summon Divine Warrior, Renounce
Religion


You were on level 3 of the Depths.
You worshipped the Shining One.
The Shining One was exalted by your worship.
You were hungry.

You visited 8 branches of the dungeon, and saw 41 of its levels.
You visited the Abyss 2 times.
You also visited: Ice Cave and Wizlab.

You collected 5154 gold pieces.
You spent 1264 gold pieces at shops.

Inventory:

Hand Weapons
 a - a +7 sacred scourge of holy wrath (weapon) {god gift}
 b - the +6 fustibalus "Beast's Demise" {flame, Int+7 SInv}
   (You found it on level 5 of the Lair of Beasts)

   It causes projectiles fired from it to burn those they strike, causing extra
   injury to most foes and up to half again as much damage against particularly
   susceptible opponents.
   It affects your intelligence (+7).
   It lets you see invisible.
Missiles
 C - 3 throwing nets {=f, !d}
 W - 248 sling bullets
Armour
 l - a +2 cloak (worn)
 B - a +2 pair of boots of flying (worn)
 G - a +2 pair of gloves (worn)
 U - a +0 large shield (worn)
 Y - a +3 plate armour of cold resistance (worn)
Jewellery
 j - the ring of Neurosis (right hand) {AC+3 Int+4 Dex+2 Slay+6}
   (You bought it in a shop on level 2 of the Orcish Mines)

   [ring of protection]

   It affects your AC (+3).
   It affects your intelligence (+4).
   It affects your dexterity (+2).
   It affects your accuracy and damage with ranged weapons and melee attacks
   (+6).
 x - a ring of protection from magic (left hand) {MR+, !d}
 F - an uncursed amulet of regeneration {+regen, !d}
 K - the ring "Ruliakk" {*Corrode +Inv MR++ Dex+2}
   (You found it on level 1 of the Spider Nest)

   [ring of dexterity]

   It affects your dexterity (+2).
   It affects your resistance to hostile enchantments.
   It lets you turn invisible.
   It may corrode you when you take damage.
 S - an uncursed ring of see invisible {sInv, !d}
 T - a +6 amulet of reflection (around neck)
Wands
 n - a wand of acid (7/15)
 y - a wand of iceblast (3/15)
 I - a wand of iceblast (9/15)
Scrolls
 d - a scroll of silence
 g - 2 scrolls of enchant armour
 m - 21 scrolls of teleportation
 o - 2 scrolls of blinking {!r}
 q - 11 scrolls of recharging
 r - 21 scrolls of remove curse
 s - 2 scrolls of magic mapping {!r}
 D - 9 scrolls of identify
 E - 2 scrolls of fear
 H - a scroll of brand weapon
 O - a scroll of holy word {!r}
 Q - 2 scrolls of fog
 R - 2 scrolls of summoning
 X - 2 scrolls of immolation {!r}
Potions
 e - 15 potions of curing
 h - 9 potions of might
 i - 3 potions of haste
 t - 15 potions of heal wounds
 u - 7 potions of resistance
 v - 3 potions of ambrosia
 w - 6 potions of lignification {!q}
 z - 7 potions of mutation {!q}
 L - 3 potions of agility
 V - 4 potions of cancellation
Miscellaneous
 A - a sack of spiders
 M - a lamp of fire
 P - a phial of floods
Comestibles
 f - 22 bread rations {@e1}
 k - 17 meat rations {@e2}
 p - 14 royal jellies
 J - 13 fruits
 Z - 20 chunks of flesh


   Skills:
 + Level 18.4 Fighting
 - Level 18.3 Maces & Flails
 - Level 5.2 Slings
 + Level 18.1 Armour
 + Level 14.3 Dodging
 + Level 18.0 Shields
 + Level 17.4 Invocations


You had 21 spell levels left.
You knew the following spells:

 Your Spells              Type           Power        Failure   Level  Hunger
B - Summon Butterflies    Summ           #.......     100%        1    ##.....


Dungeon Overview and Level Annotations

Branches:
Dungeon (15/15)            Temple (0/1) D:4            Lair (6/6) D:8
  Swamp (4/4) Lair:4       Spider (4/4) Lair:2        Slime (0/5) Lair:6
    Orc (2/2) D:12            Elf (0/3) Orc:2        Vaults (4/5) D:14
  Crypt (3/3) Vaults:3       Tomb (0/3) Crypt:3      Depths (3/5) D:15

Altars:
Dithmenos
Fedhas
Kikubaaqudgha
Nemelex Xobeh
Okawaru
Sif Muna
Uskayaw
Vehumet
Yredelemnul
Zin
The Shining One
Beogh

Shops:
D:14 %   Orc:2 ?*}==   Vaults:2 }   Vaults:3 [

Portals:
Hell: Depths:1 Depths:2 Depths:3
Abyss: Depths:2
Pandemonium: Depths:2
Ziggurat: Depths:2

Annotations:
Lair:2 exclusion: 2 oklob plants


Innate Abilities, Weirdness & Mutations

You are resistant to torment.
Your stone body is resilient. (AC +17)
You are immune to poison.
Your large and strong wings let you fly indefinitely.
You resist negative energy. (rN+)
You are resistant to electric shocks. (rElec)
You can survive without breathing.
You are immune to petrification.
You are immune to rotting.
You have large cloven feet.
You have a pair of small horns on your head.
You are partially covered in rugged brown scales. (AC +1, +3% HP)
You tend to lose your temper in combat.
You have an increased reservoir of magic. (+10% MP)
You are robust. (+10% HP)
You occasionally shout uncontrollably at your foes.


Message History

The spriggan air mage waves its arms in wide circles.
The air twists around and violently strikes you in flight!
* * * LOW HITPOINT WARNING * * *
The death drake moves out of view.
A fire dragon comes into view.
The fire dragon roars deafeningly!
The rakshasa weaves an illusion.
The fire dragon breathes flames at you. The blast of flame hits you!
* * * LOW HITPOINT WARNING * * *
Really read
o - 3 scrolls of blinking {!r}?
Blink to where?
Press: ? - help, Dir - move target cursor You are very lightly contaminated with residual magic.
As you read the scroll of blinking {!r}, it crumbles to dust.
The rakshasa weaves an illusion.
The spriggan air mage shimmers and seems to become two!
The spriggan air mage waves its arms in wide circles.
The air twists around and violently strikes you in flight!
You die...

..#.....#....D#.....#.
#....a#.....#.....#
..#....i#.....#.....#..#
#....i.R#.#.#.#.....#
#..###O#A#.#...###..#
#.#...#.....#.#...#.#
#.#.....#.>.<.#.....#..
###.....#..^..#.....###
#.....#.<.@.#.....#(#
#.#...#.#..[..#...#.#
#..###...#.#÷#.###..#
#.. ..#.#.#.#()..(..# .#
..#.....#(.[..#⌠.
...#.....#.([..# .
#.....#.))).#
..#...#.....#....#
#...###..[###.>.##.#


You could see an entropy weaver, a rakshasa, an ogre mage, 2 spriggan air magi
and a friendly angel.

Vanquished Creatures
  2 ancient liches
  A greater mummy (WizLab)
  A curse toe (Crypt:3)
  3 caustic shrikes (Depths:1)
  Jory (Crypt:1)
  Nikola (Depths:1)
  A profane servitor (Crypt:3)
  Rupert (Spider:1)
  A tentacled monstrosity (Vaults:2)
  6 liches
  A quicksilver dragon (Depths:3)
  The ghost of melvinkitnick the Warrior, an adept VSFi of Uskayaw (Vaults:3)
  A tengu reaver (Depths:2)
  2 tentacled starspawn (Abyss:2)
  Kirke (D:13)
  12 ancient champions
  A sphinx (Depths:1)
  A thorn hunter (Swamp:4)
  A revenant (Crypt:1)
  Roxanne (Swamp:2)
  A deep elf sorcerer (Depths:2)
  12 vault wardens
  3 ghost moths
  2 frost giants
  5 fire giants
  Louise (Spider:1)
  2 caustic shrike zombies (WizLab)
  Aizul (Swamp:2)
  5 emperor scorpions
  11 ghouls
  9 ironheart preservers
  3 curse skulls
  2 entropy weavers
  11 very ugly things
  11 stone giants
  A deep elf annihilator (Vaults:4)
  6 vampire knights
  2 deep elf demonologists
  2 eidola
  A spark wasp (Depths:3)
  3 mummy priests (WizLab)
  The ghost of Iflex the Impaler, a journeyman MfGl of Qazlal (Lair:4)
  4 fire dragons
  A deep elf death mage (Crypt:1)
  A minotaur (shapeshifter) (Depths:3)
  7 yaktaur captains
  3 ettins
  4 rakshasas
  4 jiangshi
  4 great orbs of eyes
  7 vault guards
  6 ice dragons
  3 spriggan air magi
  20 hydras
  5 death knights
  12 centaur warriors
  22 ogre magi
  4 alligators
  45 two-headed ogres
  5 deep troll earth magi
  4 vampire magi
  4 thrashing horrors (Abyss:2)
  2 deep troll shamans
  A hell hog (Abyss:2)
  A hell knight (Depths:3)
  3 deep elf knights (Vaults:4)
  A titan zombie (Depths:1)
  The ghost of Caillou112 the Archer, a novice CeHu of Okawaru (D:8)
  A soul eater (Crypt:1)
  Sonja (D:14)
  3 shadow wraiths
  A titan skeleton (Crypt:1)
  A spatial maelstrom (Abyss:2)
  31 skeletal warriors
  6 glowing orange brains
  An iron troll (Depths:2)
  A sixfirhy (Depths:2)
  A golden dragon zombie (WizLab)
  4 unseen horrors
  A shadow demon (Depths:2)
  16 deep trolls
  4 spriggan druids
  3 shambling mangroves
  9 wizards
  8 flayed ghosts
  A shadow dragon zombie (WizLab)
  6 swamp dragons
  12 ironbrand convokers
  10 orb spiders
  3 deep elf archers
  4 harpies
  6 orc knights
  11 necromancers
  35 wolf spiders
  42 ugly things
  7 phantasmal warriors
  2 frost giant zombies
  8 cyclopes
  A worldbinder (Abyss:2)
  6 deep elf magi
  2 wolf spider zombies
  A fire giant zombie (Depths:1)
  An iron dragon zombie (Crypt:1)
  2 orc sorcerers
  3 manticores
  A moth of wrath (shapeshifter) (Depths:1)
  An iron dragon skeleton (Crypt:3)
  A salamander (shapeshifter) (Vaults:2)
  A moth of wrath (Spider:3)
  A frost giant skeleton (Crypt:1)
  A salamander (D:15)
  10 vault sentinels
  A guardian serpent (Lair:6)
  9 black mambas
  An orange demon (Depths:2)
  Joseph (D:7)
  2 smoke demons (Abyss:2)
  A naga mage (Depths:2)
  2 demonspawn zombies (WizLab)
  A rust devil (Depths:2)
  4 elephants (Lair:1)
  A shock serpent zombie (Crypt:3)
  2 centaur skeletons (D:15)
  20 spiny frogs
  Psyche (D:9)
  4 gargoyles
  4 torpor snails
  A storm dragon simulacrum (Crypt:1)
  A yaktaur zombie (WizLab)
  2 spriggan zombies
  An iron troll zombie (Crypt:3)
  A rime drake (Lair:4)
  2 efreet
  15 demonic crawlers
  13 freezing wraiths
  37 yaktaurs
  A hydra zombie (Crypt:1)
  10 komodo dragons
  An anaconda simulacrum (Crypt:3)
  An ancient zyme (Abyss:2)
  A death yak skeleton (Crypt:1)
  A hellwing (Abyss:2)
  A red draconian skeleton (Crypt:2)
  A yaktaur skeleton (Depths:1)
  A purple draconian skeleton (Crypt:1)
  3 guardian mummies (WizLab)
  A red devil (Depths:2)
  A polar bear (shapeshifter) (D:14)
  19 jumping spiders
  5 trolls
  9 polar bears
  18 hornets
  An ice dragon zombie (Depths:1)
  3 satyr zombies
  44 slime creatures
  A slime creature (shapeshifter) (Depths:3)
  A blink frog (shapeshifter) (D:13)
  2 deep troll zombies
  2 harpy skeletons
  8 raiju (Abyss:2)
  A fire dragon zombie (WizLab)
  13 blink frogs
  A jumping spider zombie (Crypt:2)
  2 alligator zombies
  7 bog bodies
  3 fire giant simulacra
  2 ettin zombies
  8 dream sheep
  2 hippogriffs (shapeshifter)
  8 flying skulls (Crypt:2)
  58 redbacks
  10 hippogriffs
  6 shadows
  An alligator skeleton (Crypt:2)
  A spriggan (shapeshifter) (Vaults:3)
  Sigmund (D:9)
  A fire dragon skeleton (Crypt:1)
  2 tarantellas (shapeshifter)
  20 tarantellas
  A black mamba skeleton (Crypt:3)
  8 wraiths
  4 water elementals (Depths:1)
  2 air elementals (Depths:2)
  3 spriggans
  13 wyverns
  A ynoxinul (Abyss:2)
  A tyrant leech zombie (Crypt:2)
  55 yaks
  6 humans
  6 vampires
  A black draconian simulacrum (Crypt:3)
  3 hungry ghosts
  9 vampire mosquitoes
  4 basilisks
  Grum (D:8)
  A glowing shapeshifter zombie (Crypt:3)
  2 spatial vortices (Abyss:2)
  16 swamp worms
  9 insubstantial wisps
  5 large abominations (Abyss:2)
  Edmund (D:5)
  A soldier ant (D:10)
  2 wargs
  2 acid dragons
  20 water moccasins
  A faun skeleton (Crypt:1)
  11 porcupines
  21 orc warriors
  14 swamp drakes
  21 ice beasts
  2 hornet zombies
  A deep troll simulacrum (Depths:1)
  5 sky beasts
  3 eyes of draining
  4 necrophages
  6 phantoms
  A tengu (shapeshifter) (Depths:3)
  23 centaurs
  11 starcursed masses (Abyss:2)
  19 wolves
  6 boggarts (Vaults:1)
  46 ogres
  6 small abominations (Abyss:2)
  13 crocodiles
  A hog skeleton (Crypt:2)
  A manticore skeleton (Crypt:1)
  A hippogriff zombie (Crypt:2)
  28 bullfrogs
  A hippogriff skeleton (Crypt:3)
  A glowing shapeshifter simulacrum (Depths:1)
  2 scorpions
  2 troll zombies (D:12)
  5 wights
  3 howler monkeys
  5 electric eels
  7 crimson imps
  3 quasits
  5 bullfrog zombies
  3 centaur zombies
  17 jellies
  7 orc wizards
  16 orc priests
  3 bullfrog skeletons
  4 hounds
  4 iron imps (Abyss:2)
  Natasha (thrice) (D:4)
  4 iguanas
  13 worker ants
  A deep dwarf zombie (Crypt:3)
  6 ogre zombies (D:12)
  A deep dwarf skeleton (Crypt:3)
  2 hound zombies
  5 hound skeletons
  3 worker ant zombies
  7 gnolls
  19 adders
  6 shadow imps
  4 white imps
  9 oozes
  An adder zombie (D:9)
  An adder skeleton (D:7)
  3 worms
  3 leopard geckos
  78 orcs
  6 giant cockroaches
  A gnoll zombie (Crypt:1)
  10 goblins
  6 hobgoblins
  24 jackals
  4 quokkas
  3 bats
  7 frilled lizards
  A frilled lizard skeleton (Crypt:1)
  2 goblin skeletons (D:12)
  3 goblin zombies (D:12)
  2 hobgoblin skeletons (D:12)
  5 hobgoblin zombies (D:12)
  8 kobolds
  2 orc skeletons (D:12)
  11 orc zombies (D:12)
  7 rats
  A rat zombie (Crypt:3)
  A bush (Lair:3)
  A fungus (D:8)
  3 starspawn tentacles (Abyss:2)
1777 creatures vanquished.

Vanquished Creatures (collateral kills)
  Mara (Vaults:4)
  A tentacled starspawn (Abyss:2)
  A frost giant (Depths:3)
  A draconian knight (Depths:3)
  A ghost moth (Spider:4)
  A vault warden (Vaults:1)
  The ghost of murphy the Executioner, a journeyman MiBe of Trog (Swamp:2)
  An orc warlord (D:12)
  An ironheart preserver (Vaults:4)
  A lorocyproca (Abyss:2)
  An ettin (Vaults:2)
  A fire dragon (D:15)
  A deep troll shaman (Vaults:3)
  A spatial maelstrom (Abyss:2)
  2 skeletal warriors
  2 wretched stars (Abyss:2)
  3 swamp dragons (Swamp:4)
  An orb spider (Spider:1)
  A wolf spider (Spider:1)
  2 orc knights (Vaults:1)
  An ugly thing (Vaults:1)
  A cyclops (Vaults:1)
  4 elephants (Lair:6)
  A manticore (D:15)
  An ice statue (D:15)
  2 spiny frogs (Lair:6)
  A yaktaur (Vaults:2)
  A demonic crawler (Spider:4)
  An efreet (Abyss:2)
  An ice devil (D:15)
  A freezing wraith (Abyss:2)
  A hornet (Lair:6)
  6 raiju (Abyss:2)
  A blink frog (Lair:6)
  2 slime creatures (Vaults:1)
  2 wyverns (Lair:6)
  2 tarantellas (Spider:1)
  A neqoxec (Abyss:2)
  A large abomination (Abyss:2)
  An acid dragon (D:14)
  4 water moccasins (Lair:6)
  2 orc warriors
  An ogre (Vaults:2)
  A snapping turtle zombie (Abyss:2)
  A centaur (Vaults:1)
  3 orcs
  A starspawn tentacle (Abyss:2)
70 creatures vanquished.

Vanquished Creatures (others)
  A deep elf sorcerer (Depths:2)
  A centaur warrior (Depths:3)
  An ironbrand convoker (Vaults:1)
  A wizard (Depths:2)
  2 yaktaurs (Depths:3)
  2 humans (D:13)
  2 orc priests (D:13)
  A briar patch (Swamp:4)
  12 fungi
  15 plants
  10 starspawn tentacles (Abyss:2)
48 creatures vanquished.

Grand Total: 1895 creatures vanquished

Notes
Turn   | Place    | Note
-------+----------+-------------------------------------------
     0 | D:1      | Gorglomux the Gargoyle Fighter began the quest for the Orb.
     0 | D:1      | Reached XP level 1. HP: 14/14 MP: 1/1
   201 | D:1      | Reached XP level 2. HP: 19/19 MP: 2/2
   379 | D:1      | Reached skill level 3 in Maces & Flails
   379 | D:1      | Reached XP level 3. HP: 16/23 MP: 3/3
  1256 | D:2      | Reached XP level 4. HP: 29/29 MP: 4/4
  1261 | D:2      | Found a sparkling altar of Nemelex Xobeh.
  1457 | D:2      | Found a hide-covered altar of Uskayaw.
  1458 | D:2      | Found a sparkling altar of Nemelex Xobeh.
  1870 | D:3      | Reached XP level 5. HP: 31/33 MP: 5/5
  2203 | D:3      | Found a glowing golden altar of the Shining One.
  2216 | D:3      | Became a worshipper of the Shining One
  2465 | D:3      | Found a glowing silver altar of Zin.
  2891 | D:4      | Found a staircase to the Ecumenical Temple.
  2930 | D:4      | Reached XP level 6. HP: 28/39 MP: 6/6
  2966 | D:4      | Noticed a gargoyle
  2987 | D:4      | HP: 6/39 [gargoyle/stone arrow (5)]
  2988 | D:4      | Killed a gargoyle
  2988 | D:4      | Reached skill level 1 in Dodging
  2988 | D:4      | Reached skill level 1 in Invocations
  2988 | D:4      | Reached XP level 7. HP: 7/44 MP: 6/8
  3675 | D:4      | Noticed Natasha
  3683 | D:4      | Killed Natasha
  3683 | D:4      | Reached skill level 6 in Maces & Flails
  3697 | D:4      | Noticed Natasha
  3704 | D:4      | Killed Natasha
  3714 | D:4      | Noticed Natasha
  3722 | D:4      | Killed Natasha
  4050 | D:5      | Entered Level 5 of the Dungeon
  4345 | D:5      | Reached * piety under the Shining One
  4449 | D:5      | Reached XP level 8. HP: 38/49 MP: 8/10
  4478 | D:5      | Reached skill level 3 in Invocations
  4649 | D:5      | Noticed Edmund
  4664 | D:5      | Killed Edmund
  5302 | D:6      | Reached skill level 6 in Fighting
  5349 | D:6      | Reached XP level 9. HP: 55/55 MP: 12/12
  5369 | D:6      | Found a blossoming altar of Fedhas.
  5387 | D:6      | Reached ** piety under the Shining One
  5388 | D:6      | Reached skill level 3 in Dodging
  5596 | D:6      | Gained mutation: You occasionally shout uncontrollably at your foes. [mutagenic meat]
  5597 | D:6      | Gained mutation: You have an increased reservoir of magic. (+10% MP) [mutagenic meat]
  5598 | D:6      | Gained mutation: You have sharp toenails. [mutagenic meat]
  5599 | D:6      | Gained mutation: You sometimes yell uncontrollably at your foes. [mutagenic meat]
  5600 | D:6      | Gained mutation: You are dopey. (Int -2) [mutagenic meat]
  5601 | D:6      | Gained mutation: Scrolls take you a little longer to read. [mutagenic meat]
  5608 | D:6      | Found an iron altar of Okawaru.
  6009 | D:7      | Gorglomux: !won dynast na
  6009 | D:7      | beem: dynast (na) has won 59 times in 115 games (51.30%): 32xNaWn 2xNaFE 2xNaFi 2xNaHu 2xNaVM 1xNaAE 1xNaAK 1xNaAM 1xNaAr 1xNaAs 1xNaBe 1xNaCK 1xNaCj 1xNaEE 1xNaEn 1xNaGl 1xNaIE 1xNaMo 1xNaNe 1xNaSk 1xNaSu 1xNaTm 1xNaWr 1xNaWz
  6347 | D:7      | Noticed Joseph
  6358 | D:7      | Killed Joseph
  6546 | D:7      | Reached skill level 6 in Shields
  6903 | D:7      | Gorglomux: ??sacred sourge
  6903 | D:7      | beem: sacred sourge ~ sacred scourge[1/1]: (maces & flails; +0 acc / 12 dam / 1.1 base delay / 0.5 min delay). Created by having The Shining One {bless} a demon whip.
  6938 | D:8      | Noticed Caillou112's ghost (novice CeHu)
  6939 | D:8      | Reached *** piety under the Shining One
  6951 | D:7      | HP: 13/56 [porcupine (4)]
  6959 | D:7      | Reached skill level 6 in Armour
  6959 | D:7      | Reached XP level 10. HP: 16/63 MP: 15/15
  7305 | D:8      | Killed Caillou112's ghost
  7624 | D:7      | Reached skill level 9 in Maces & Flails
  7768 | D:8      | Found a staircase to the Lair.
  8024 | D:8      | Noticed Grum
  8045 | D:8      | Killed Grum
  8045 | D:8      | Reached skill level 6 in Invocations
  8763 | D:9      | Reached XP level 11. HP: 66/68 MP: 17/17
  8804 | D:9      | Reached **** piety under the Shining One
  9088 | D:9      | Found a runed door.
  9226 | D:9      | Found a runed door.
  9362 | D:9      | Found a runed door.
  9646 | D:9      | Noticed Sigmund
  9750 | D:9      | Noticed Psyche
  9754 | D:9      | Killed Sigmund
  9790 | D:9      | Found a runed door.
  9807 | D:9      | Killed Psyche
  9969 | D:10     | Entered Level 10 of the Dungeon
  9982 | D:10     | Noticed a two-headed ogre
  9990 | D:10     | Killed a two-headed ogre
 10188 | D:10     | Noticed a two-headed ogre
 10195 | D:10     | Killed a two-headed ogre
 10769 | D:11     | Noticed a purple ugly thing
 10783 | D:11     | Killed a purple ugly thing
 10917 | D:11     | Noticed a purple ugly thing
 10929 | D:11     | Killed a purple ugly thing
 10999 | D:11     | Found a frozen archway.
 11014 | D:11     | Reached XP level 12. HP: 64/75 MP: 13/19
 11067 | IceCv    | Entered an ice cave
 11113 | IceCv    | Reached skill level 6 in Dodging
 11150 | IceCv    | Reached skill level 9 in Fighting
 11611 | D:11     | Reached skill level 9 in Armour
 11611 | D:11     | Reached skill level 9 in Shields
 12146 | Lair:1   | Entered Level 1 of the Lair of Beasts
 12149 | Lair:1   | Reached ***** piety under the Shining One
 12260 | Lair:1   | Gorglomux: ??summon angel
 12260 | Lair:1   | beem: I don't have a page labeled summon_angel in my learndb.
 12260 | Lair:1   | Gorglomux: ??divine warrior
 12260 | Lair:1   | beem: I don't have a page labeled divine_warrior in my learndb.
 12260 | Lair:1   | Gorglomux: ??summon divine warrior
 12260 | Lair:1   | beem: I don't have a page labeled summon_divine_warrior in my learndb.
 12260 | Lair:1   | Gorglomux: ??td
 12260 | Lair:1   | beem: I don't have a page labeled td in my learndb. Did you mean: d, dd, hd, id, md, std, t, ta, tc, tds, te, th, ti, tm, tod, tr, tv, tw, tx, vd, xd, zd.
 12260 | Lair:1   | Gorglomux: ??tso
 12260 | Lair:1   | beem: the shining one[1/10]: One of three 'good gods'. Provides a number of passive favors as well as active abilities later. Enjoys killing of evil creatures, and forbids poison, evil/unholy magic or items, attacking distracted or sleeping intelligent creatures, and cannibalism.
 12260 | Lair:1   | Gorglomux: ??tso[2
 12260 | Lair:1   | beem: the shining one[2/10]: Passive abilities include occasionally intervening to save your life, gradual increase of natural rN+, and healing and MP recovery sometimes on kills of evil, demonic, or undead beings. You will also gain a "halo" within which all other beings are easier to hit (and rendered visible); it gradually increases in range with your piety.
 12260 | Lair:1   | Gorglomux: ??tso[3
 12260 | Lair:1   | beem: the shining one[3/10]: Active abilities include strengthening your shield, blasting the surrounding area with cleansing flame, and summoning friendly Angels or Daevas to fight with you. All these abilities cost piety, however, and the better ones depend heavily on your Invocations skill to work properly.
 12260 | Lair:1   | Gorglomux: ??tso[4
 12260 | Lair:1   | beem: the shining one[4/10]: The final ability TSO gives (at ****** piety) is the opportunity to have a single weapon blessed. Blessing a weapon replaces its brand with holy wrath, and raises enchantment level by 2. If the weapon is a demon blade, a demon trident, or a demon whip, its base stats will be enhanced as well: see {eudemon blade}, {trishula}, {sacred scourge}.
 12260 | Lair:1   | Gorglomux: ??tso[5
 12260 | Lair:1   | beem: the shining one[5/10]: TSO allows poison magic under some circumstances; casting Poison Arrow on unpoisonable enemies, for example, or casting Mephitic Cloud on yourself. This is probably not very helpful.
 12260 | Lair:1   | Gorglomux: ??tso[6
 12260 | Lair:1   | beem: the shining one[6/10]: The HP gain for kills is 1d(1 + 2*HD) - 1. The MP gain for kills is 1d(2 + HD/3) - 1.
 12260 | Lair:1   | Gorglomux: ??tso[6
 12260 | Lair:1   | beem: the shining one[6/10]: The HP gain for kills is 1d(1 + 2*HD) - 1. The MP gain for kills is 1d(2 + HD/3) - 1.
 12260 | Lair:1   | Gorglomux: ??tso[7
 12260 | Lair:1   | beem: the shining one[7/10]: TSO also disapproves of lying on your tax returns
 12260 | Lair:1   | Gorglomux: ??tso[8
 12260 | Lair:1   | beem: the shining one[8/10]: so it can attack me but I can't attack it
 12260 | Lair:1   | Gorglomux: ??tso[9
 12260 | Lair:1   | beem: the shining one[9/10]: Divine Shield: Costs 3 MP, 50-100 food, and 2-3 piety, Cleansing Flame: Costs 5 MP, 100-200 food, and 2-3 piety, Summon Divine Warrior: Costs 8 MP, 150-300 food, and 6-9 piety
 12260 | Lair:1   | Gorglomux: ??tso[10
 12260 | Lair:1   | beem: the shining one[10/10]: "forgive me father for i have sinned, i cut a guy's head off and ate him for food" "was he awake?" "yes" "it's all good, my son."
 12264 | D:8      | HP: 17/76 [yak (6)]
 12400 | D:8      | HP: 18/76 [komodo dragon (17)]
 12741 | Lair:1   | Noticed a five-headed hydra
 12757 | Lair:1   | Killed a five-headed hydra
 12757 | Lair:1   | Reached skill level 12 in Maces & Flails
 12855 | Lair:1   | Reached XP level 13. HP: 78/82 MP: 21/21
 13650 | Lair:2   | Lost mutation: You have sharp toenails. [potion of mutation]
 13650 | Lair:2   | Lost mutation: Scrolls take you a little longer to read. [potion of mutation]
 13650 | Lair:2   | Lost mutation: You sometimes yell uncontrollably at your foes. [potion of mutation]
 13650 | Lair:2   | Lost mutation: You are dopey. (Int -2) [potion of mutation]
 13650 | Lair:2   | Gained mutation: You are robust. (+10% HP) [potion of mutation]
 13650 | Lair:2   | Gained mutation: You are partially covered in rugged brown scales. (AC +1, +3% HP) [potion of mutation]
 13779 | Lair:2   | Found a hole to the Spider Nest.
 14048 | Lair:2   | Gorglomux: !lg yermak cesk
 14048 | Lair:2   | beem: 1. Yermak the Merry Centaur (L27 CeSk of Zin), escaped with the Orb and 3 runes on 2017-05-24 17:30:17, with 1531972 points after 95164 turns and 7:05:14.
 14824 | Lair:3   | Reached skill level 9 in Invocations
 14868 | Lair:3   | You fall through a shaft for 3 floors!
 14868 | Lair:6   | Entered Level 6 of the Lair of Beasts
 15397 | Lair:3   | Gained mutation: Your large and strong wings let you fly indefinitely. [Gargoyle growth]
 15397 | Lair:3   | Reached XP level 14. HP: 94/99 MP: 23/23
 15905 | Lair:4   | Found a staircase to the Swamp.
 16112 | Lair:4   | Noticed Iflex's ghost (journeyman MfGl)
 16172 | Lair:4   | Killed Iflex's ghost
 16585 | Lair:5   | Got a faintly glowing fustibalus
 16586 | Lair:5   | Identified the +6 fustibalus "Beast's Demise" {flame, Int+7 SInv} (You found it on level 5 of the Lair of Beasts)
 17416 | Lair:6   | Found a staircase to the Slime Pits.
 17906 | Lair:6   | Gained mutation: You have a pair of small horns on your head. [mutagenic meat]
 17908 | Lair:6   | Gained mutation: You tend to lose your temper in combat. [mutagenic meat]
 17909 | Lair:6   | Gained mutation: You have large cloven feet. [mutagenic meat]
 18819 | D:12     | Found a staircase to the Orcish Mines.
 18831 | D:12     | Reached ****** piety under the Shining One
 18842 | D:12     | Reached skill level 1 in Slings
 18868 | D:12     | Learned a level 1 spell: Summon Butterflies
 19512 | D:13     | Found a shadowy altar of Dithmenos.
 19685 | D:13     | Noticed Kirke
 19698 | D:13     | Killed Kirke
 19730 | D:13     | Reached XP level 15. HP: 90/107 MP: 24/24
 19804 | D:13     | Reached skill level 3 in Slings
 20424 | D:14     | Found a glowing golden altar of the Shining One.
 20514 | D:14     | Found Nazxoal's Food Shoppe.
 20522 | D:14     | Noticed Sonja
 20525 | D:14     | Killed Sonja
 20598 | D:14     | HP: 27/108 [death knight/morningstar (24)]
 20827 | D:14     | Found a gate to the Vaults.
 21244 | D:15     | Entered Level 15 of the Dungeon
 21395 | D:15     | Reached skill level 12 in Fighting
 21550 | D:15     | Got a bloodstained falchion
 21551 | D:15     | Identified the +4 falchion of Rubbish {slice, rPois rF+ Int+4} (You found it on level 15 of the Dungeon)
 21873 | D:15     | HP: 22/108 [ice statue] (8)]
 22272 | D:15     | Paralysed by a floating eye for 3 turns
 22295 | D:15     | Found a staircase to the Depths.
 22545 | Orc:1    | Entered Level 1 of the Orcish Mines
 22566 | Orc:1    | Noticed an orc warlord
 22648 | D:12     | Killed an orc warlord
 22949 | Orc:2    | Entered Level 2 of the Orcish Mines
 22949 | Orc:2    | Found Optoum's Jewellery Shop.
 22949 | Orc:2    | Found a staircase to the Elven Halls.
 22997 | Orc:2    | Found a radiant altar of Vehumet.
 23145 | Orc:2    | Bought the ring of Neurosis {AC+3 Int+4 Dex+2 Slay+6} for 987 gold pieces
 23306 | Orc:2    | Found a roughly hewn altar of Beogh.
 23344 | Orc:2    | Reached XP level 16. HP: 114/114 MP: 22/26
 23358 | Orc:2    | Reached skill level 12 in Armour
 23365 | Orc:2    | Reached skill level 15 in Maces & Flails
 23383 | Orc:2    | Reached skill level 9 in Dodging
 23385 | Orc:2    | Reached skill level 12 in Shields
 23406 | Orc:2    | Found Webid's Magic Scroll Boutique.
 23406 | Orc:2    | Found Xazo's Assorted Antiques.
 23409 | Orc:2    | Found Qeriph's Gadget Emporium.
 23409 | Orc:2    | Found Luatas's Jewellery Shop.
 23480 | Orc:2    | Bought a scroll labeled FEWAFE OFROTI for 31 gold pieces
 23480 | Orc:2    | Bought a scroll of teleportation for 93 gold pieces
 23480 | Orc:2    | Bought a scroll of identify for 62 gold pieces
 23480 | Orc:2    | Bought a viscous golden potion for 27 gold pieces
 23512 | Orc:2    | Bought a cursed amulet of inaccuracy for 30 gold pieces
 23516 | Orc:2    | Bought a scroll of identify for 34 gold pieces
 23868 | Swamp:1  | Entered Level 1 of the Swamp
 24803 | Swamp:2  | Noticed Roxanne
 24827 | Swamp:2  | Killed Roxanne
 24947 | Swamp:2  | Noticed murphy's ghost (journeyman MiBe)
 24974 | Swamp:2  | Killed murphy's ghost
 25205 | Swamp:2  | Noticed Aizul
 25218 | Swamp:2  | Killed Aizul
 26244 | Swamp:4  | Entered Level 4 of the Swamp
 26357 | Spider:1 | Entered Level 1 of the Spider Nest
 26406 | Spider:1 | Reached XP level 17. HP: 97/122 MP: 28/28
 26475 | Spider:1 | Noticed Louise
 26491 | Spider:1 | Cast into level 2 of the Abyss (Louise)
 26491 | Abyss:2  | Found a corrupted altar of Lugonu.
 26556 | Abyss:2  | Noticed a tentacled starspawn
 26569 | Abyss:2  | Killed a tentacled starspawn
 26678 | Abyss:2  | Noticed a tentacled starspawn
 26692 | Abyss:2  | Killed a tentacled starspawn
 26789 | Abyss:2  | Found a corrupted altar of Lugonu.
 26796 | Spider:1 | Escaped the Abyss
 26824 | Spider:1 | Cast into level 2 of the Abyss (Louise)
 27017 | Abyss:2  | Noticed a tentacled starspawn
 27055 | Abyss:2  | Killed a tentacled starspawn
 27055 | Abyss:2  | Reached skill level 12 in Invocations
 27058 | Abyss:2  | Gorglomux: alright im doing a little break
 27312 | Spider:1 | Escaped the Abyss
 27360 | Spider:1 | Killed Louise
 27532 | Spider:1 | Got a silken robe
 27656 | Spider:1 | Noticed Rupert
 27676 | Spider:1 | Killed Rupert
 27857 | Spider:1 | Got a faintly glowing pewter ring
 28551 | Spider:3 | Identified the ring "Ruliakk" {*Corrode +Inv MR++ Dex+2} (You found it on level 1 of the Spider Nest)
 28978 | Spider:4 | Entered Level 4 of the Spider Nest
 29143 | Spider:4 | Reached XP level 18. HP: 94/131 MP: 30/30
 29494 | Spider:4 | HP: 23/131 [disintegration (26)]
 30264 | Spider:4 | Got a gossamer rune of Zot
 30834 | Swamp:4  | Got a decaying rune of Zot
 31453 | Vaults:1 | Entered Level 1 of the Vaults
 32105 | Vaults:1 | Reached XP level 19. HP: 136/137 MP: 25/31
 32866 | Vaults:1 | Reached skill level 18 in Maces & Flails
 33320 | Vaults:2 | Noticed a tentacled monstrosity
 33327 | Vaults:2 | Killed a tentacled monstrosity
 33338 | Vaults:2 | Reached skill level 15 in Fighting
 33873 | Vaults:2 | Found Orreack's Gadget Shoppe.
 34312 | Vaults:2 | Reached XP level 20. HP: 56/145 MP: 19/33
 35353 | Vaults:3 | Noticed melvinkitnick's ghost (adept VSFi)
 35371 | Vaults:3 | Killed melvinkitnick's ghost
 35712 | Vaults:3 | Reached skill level 15 in Armour
 35764 | Vaults:3 | Found a staircase to the Crypt.
 35802 | Vaults:3 | Reached skill level 15 in Shields
 35818 | Vaults:3 | Found Zumegheg's Antique Armour Emporium.
 35826 | Vaults:3 | Got an ancient jade amulet
 35856 | Vaults:3 | Identified the amulet of Wiabirchu {Spirit rN+ Str+3} (You found it on level 3 of the Vaults)
 36590 | Vaults:4 | Noticed Mara
 36619 | Vaults:4 | Noticed Gorglomux's illusion
 36628 | Vaults:4 | Killed Mara
 36631 | Vaults:4 | Reached skill level 12 in Dodging
 37354 | Vaults:4 | Identified a sacred scourge of holy wrath {god gift} (a demon whip of pain blessed by the Shining One)
 37354 | Vaults:4 | Received a gift from the Shining One
 37666 | Vaults:4 | Reached XP level 21. HP: 145/153 MP: 35/35
 38120 | Crypt:1  | Entered Level 1 of the Crypt
 38221 | Crypt:1  | Paralysed by a vampire knight for 3 turns
 38286 | Crypt:1  | Noticed Jory
 38288 | Crypt:1  | Reached skill level 15 in Invocations
 38312 | Crypt:1  | Killed Jory
 39992 | Crypt:3  | Entered Level 3 of the Crypt
 40064 | Crypt:3  | Found a staircase to the Tomb.
 40337 | Crypt:3  | Noticed an ancient lich
 40348 | Crypt:3  | Paralysed by an ancient lich for 4 turns
 40362 | Crypt:3  | Killed an ancient lich
 40362 | Crypt:3  | Reached XP level 22. HP: 162/162 MP: 37/37
 40735 | Crypt:3  | Noticed a curse toe
 40744 | Crypt:3  | Killed a curse toe
 40759 | Crypt:3  | Found a basalt altar of Yredelemnul.
 40761 | Crypt:3  | Found an ancient bone altar of Kikubaaqudgha.
 40761 | Crypt:3  | Noticed a profane servitor
 40792 | Crypt:3  | Killed a profane servitor
 40800 | Crypt:3  | Identified Sif Muna's Catalogue of Venomous Dislocation
 40803 | Crypt:3  | Identified the Volume of Cankerous Evil
 40868 | Crypt:3  | Got a wavering amber ring
 40868 | Crypt:3  | Got a warped bronze ring
 40870 | Crypt:3  | Identified the ring of Sotomaff {+Inv rN+} (You found it on level 3 of the Crypt)
 40873 | Crypt:3  | Identified the ring of Dokytaad {*Corrode rPois rN+ MR++ Int+3} (You found it on level 3 of the Crypt)
 41421 | Depths:1 | Entered Level 1 of the Depths
 41490 | Depths:1 | Found a gateway to Hell.
 41506 | Depths:1 | Found a magical portal.
 41533 | WizLab   | Entered Doroklohe's Tomb
 41805 | WizLab   | Noticed a greater mummy
 41817 | WizLab   | Killed a greater mummy
 42044 | Depths:1 | Noticed Nikola
 42085 | Depths:1 | Killed Nikola
 42200 | Depths:1 | Reached XP level 23. HP: 166/170 MP: 33/38
 42353 | Depths:1 | Found a runed door.
 42643 | Depths:1 | Noticed a caustic shrike
 42643 | Depths:1 | Noticed a caustic shrike
 42644 | Depths:1 | Noticed a caustic shrike
 42654 | Depths:1 | Killed a caustic shrike
 42661 | Depths:1 | Killed a caustic shrike
 42675 | Depths:1 | Killed a caustic shrike
 43488 | Depths:2 | Found a gateway to a ziggurat.
 43500 | Depths:2 | Found a one-way gate to the infinite horrors of the Abyss.
 43559 | Depths:2 | Reached skill level 18 in Fighting
 43917 | Depths:2 | Found a deep blue altar of Sif Muna.
 43966 | Depths:2 | Identified the Compendium of Battle Magic
 43969 | Depths:2 | Identified the Almanac of the Lucky Compass
 43986 | Depths:2 | Identified the Reference Book on Scorching Shape Shifting
 43989 | Depths:2 | Identified the Collected Works on Contamination
 44008 | Depths:2 | Noticed an ancient lich
 44020 | Depths:2 | Killed an ancient lich
 44054 | Depths:2 | Identified the amulet "Synepnas" {Harm *Drain Dex+4 Stlth+} (You found it on level 2 of the Depths)
 44543 | Depths:2 | Found a one-way gate leading to the halls of Pandemonium.
 44767 | Depths:3 | Reached skill level 18 in Armour
 44852 | Depths:3 | Reached skill level 18 in Shields
 44986 | Depths:3 | HP: 3/172 [fire dragon (illusionary)/blast of flame (36)]
 44988 | Depths:3 | Killed from afar by a spriggan air mage

Skill      XL: |  1  2  3  4  5  6  7  8  9 10 11 12 13 14 15 16 17 18 19 20 21 22 23 |
---------------+----------------------------------------------------------------------+-----
Maces & Flails | 3 4 5 6 7 8 9 10 12 13 14 15 16 17 18 | 18.3
Fighting       | 4 5 6 7 8 9 10 11 12 13 14 15 16 17 18 | 18.4
Dodging        | 1 2 3 4 5 6 7 8 9 10 11 12 13 14 | 14.3
Invocations    | 1 2 4 5 6 7 8 9 10 11 12 13 14 15 16 17 | 17.4
Armour         | 4 5 6 7 8 9 10 11 12 13 14 15 16 17 18 | 18.1
Shields        | 4 5 6 7 8 9 10 11 12 13 14 15 16 17 18 | 18.0
Slings         | 2 5 |  5.2

Action                   |  1- 3 |  4- 6 |  7- 9 | 10-12 | 13-15 | 16-18 | 19-21 | 22-24 || total
-------------------------+-------+-------+-------+-------+-------+-------+-------+-------++-------
Melee: Flail             |   137 |   213 |   283 |   764 |  1475 |  1413 |   934 |       ||  5219
       Kick              |       |       |    25 |   211 |    15 |       |       |       ||   251
       Headbutt          |       |       |       |       |   191 |   365 |   460 |   292 ||  1308
       Falchion          |       |       |       |       |     3 |       |       |       ||     3
       Sacred scourge    |       |       |       |       |       |       |   578 |   941 ||  1519
 Fire: Fustibalus        |       |       |       |       |    60 |    37 |    37 |       ||   134
Throw: Throwing net      |       |       |     1 |       |       |       |       |       ||     1
       Stone             |       |       |       |       |     6 |       |       |       ||     6
Invok: Cleansing Flame   |       |       |       |     4 |     7 |     9 |    20 |    11 ||    51
       Divine Shield     |       |       |       |     2 |     3 |       |     5 |     1 ||    11
       Summon Divine War |       |       |       |       |     5 |     7 |     6 |     2 ||    20
       Brand Weapon With |       |       |       |       |       |       |     1 |       ||     1
 Abil: Fly               |       |       |       |       |     1 |       |       |       ||     1
Evoke: Wand              |       |       |       |     5 |     1 |       |       |       ||     6
       Lamp of fire      |       |       |       |       |     1 |       |       |       ||     1
       Phial of floods   |       |       |       |       |       |     1 |     1 |       ||     2
  Use: Scroll            |       |     5 |       |     4 |    16 |     9 |     5 |     8 ||    47
       Potion            |       |     2 |       |       |     1 |       |       |       ||     3
  Eat: Chunk             |     1 |     6 |    19 |    23 |    46 |    20 |    26 |    13 ||   154
       Fruit             |       |       |       |       |       |    12 |       |       ||    12
       Royal jelly       |       |       |       |       |       |     1 |     4 |     2 ||     7
Armor: Scale mail        |    70 |   179 |   100 |   345 |   560 |    96 |       |       ||  1350
       Chain mail        |       |       |       |       |       |   158 |       |       ||   158
       Plate armour      |       |       |       |       |       |   535 |   479 |   393 ||  1407
Dodge: Dodged            |    57 |    93 |    91 |   301 |   652 |   518 |   299 |   265 ||  2276
Block: Shield            |    59 |   124 |   135 |   460 |   900 |   361 |       |       ||  2039
       Large shield      |       |       |       |       |       |   829 |  1188 |   799 ||  2816
       Reflection        |       |       |       |       |       |       |       |    19 ||    19
